Arrhythmia, chaotic female vampiric Convict ---- ---- |..--- |..| --....----- ---- |..| --.......|.--- ------ --|..| --.| ----............------..|0|.----.|..| --d- |.| .-................--.|.........|...%.| --@d| |%| |..%......>............--.|.^........-- |ddd- |.| --....-....|............|----........%.| ------.... |.--|......||.........----........--- ---..--....-- --..|..... |<%.|*)..*)--.--....--- --....-.- ---- ---..0| |...|..-- ---.|%).......||.---- --.|...| ---.-----....-- |........|.----- --- -----.- ---- |%..|---.--- |..%....)|...| --.--- ---..| -----...--...| --.......|-..----|....--- |..%.------..........--- ---......---...|.--......--- |..............0...... |.......---................| --.---..............-- |......-|..................--- --- --.............| --....--|.......---^.........| |-.........|.-- |.^..| ---.--..| |...---..|.| |..........|-- --..-- ------- ----- ------ --.--.------ ---- --- Arrhythmia the Jail-bird Experience level: 9 Strength: 18 Dexterity: 12 Constitution: 20 Intelligence: 8 Wisdom: 11 Charisma: 11 Health: 0(98) Energy: 51(51) AC: 1 Gold: 0 Moves: 6811 Your Inventory: Armor b - an uncursed +0 striped shirt p - an uncursed +0 elven leather helm r - a blessed +1 scale mail of displacement (being worn) H - an uncursed +0 pair of gloves called Reg [leather] I - an uncursed +0 small shield K - an uncursed +0 pair of jackboots [high] W - an uncursed +4 dwarvish cloak (being worn) Rings F - an [uncursed] ridged ring [of polymorph control] Tools f - an [uncursed] bag called Sack [sack] t - an uncursed skeleton key Contents of the sack: 1258 gold pieces a [blessed +2] bow [of stealth] an [uncursed +0] mummy wrapping a [blessed] scroll labeled ANDOVA BEGARIN [of teleportation] a [cursed] scroll labeled LOREN IPSUM [of food detection] a [cursed] dark green potion [of fruit juice] an [uncursed] silver potion [of sleeping] a [blessed] wand called Lightning [of lightning (0:0)] an uncursed bag of tricks named Empty trick [0:0] an [uncursed] looking glass [mirror] an uncursed [+0] pick-axe an [uncursed] orange gem [worthless glass] Spells known in the end: Name Level Category Fail Memory Your skills at the end: Fighting Skills Weapon Skills sling [Basic / Skilled] Spellcasting Skills Final Attributes: You were piously aligned. Hunger level was 887. Your alignment was 44 / 44. Monster difficulty range was 1 - 9. Level difficulty was 9. You were immune to poison. You were immune to level-drain. You were immune to sickness. You were displaced. You could fly. You could survive without air. You regenerated. You were a werejackal. Your luck was zero. You are dead. Vanquished creatures: a flesh golem a large mimic 3 small mimics a tiger a tengu a red naga 3 watchmen a crocodile a panther 2 giant spiders a gnome king an orc mummy a dwarf mummy 3 owlbears a yeti a werewolf a lizard a dingo a housecat a dust vortex a raven a plains centaur an ape a human zombie an imp 8 Mordor orcs an enormous rat a rock mole a shrieker 10 gnome lords 2 gnomish wizards a kobold mummy a guardian naga hatchling a gray ooze 5 elf zombies a straw golem a wax golem 2 baby crocodiles a giant ant a little dog a kitten 12 dwarves 3 kobold shamans a monkey an orc zombie an iguana a gas spore 5 hobbits 4 manes a large kobold a giant rat 64 gnomes a garter snake 2 gnome zombies 2 geckos 2 jackals 6 goblins 8 grid bugs 3 lichens 5 kobold zombies 4 newts 197 creatures vanquished. Voluntary challenges: You went without food. You never hit with a wielded weapon. You read items or engraved 3 times. You put on armor 27 times. You never genocided any monsters. You never polymorphed an object. You changed form 1 time. You used no wishes. You abstained from Elbereth's help. You never encountered a bones level. You never used any Sokoban shortcuts. Dungeon overview: The Dungeons of Doom: levels 1 to 3 Level 1 a long staircase Level 2 a general store Level 3 stairs to The Gnomish Mines The Gnomish Mines: levels 4 to 9 Level 4 stairs to The Dungeons of Doom Level 7 many shops, a temple to Tymora, a magic chest, some fountains Level 9 <- You were here History has recorded: On T:1 you entered the Dungeons of Doom to retrieve the Amulet of Yendor! On T:652 you advanced to experience level 2. On T:694 you reached level 2 of The Dungeons of Doom. On T:874 you advanced to experience level 3. On T:1013 you reached level 3 of The Dungeons of Doom. On T:1416 you reached level 1 of The Gnomish Mines. On T:1417 you advanced to experience level 4. On T:1437 you advanced to experience level 5. On T:1760 you advanced to experience level 6. On T:1903 you advanced to experience level 7. On T:2391 you reached level 2 of The Gnomish Mines. On T:2574 you reached level 3 of The Gnomish Mines. On T:2794 you advanced to experience level 8. On T:2979 you reached level 4 of The Gnomish Mines. On T:4456 you advanced to experience level 9. On T:5209 you reached level 5 of The Gnomish Mines. On T:6170 you reached level 6 of The Gnomish Mines. Latest messages: The wax golem hits! The wax golem misses. The werejackal bites! [HP-6=7] You hit the wax golem. You bite the wax golem. The wax golem suddenly seems weaker! The jackal misses. The jackal bites! The jackal misses. The wax golem misses. The wax golem touches you! The werejackal bites! [HP-4=3] You hit the wax golem. You destroy the wax golem! The jackal bites! The jackal just misses! The jackal misses. The werejackal summons help! The werejackal bites! You die... The bag of tricks named Empty trick is empty. Final status: Goodbye Arrhythmia the Convict... You died in The Gnomish Mines on dungeon level 9 with 11941 points, and 1258 pieces of gold, after 6811 moves. You were level 9 with a maximum of 98 hit points when you died.